 Dungeon Crawl Stone Soup version 0.31-a0-232-gb1c03b2570 (webtiles) character file.

Game seed: 7074591204383058578

68 qw the Shooter (level 4, 0/36 HPs)
             Began as a Minotaur Hexslinger on July 7, 2023.
             Slain by a cerulean imp
             ... wielding a +2 spear
             ... summoned by Natasha
              (2 damage)
             ... on level 3 of the Dungeon.
             The game lasted 00:00:33 (1257 turns).

qw the Shooter (Minotaur Hexslinger)                Turns: 1257, Time: 00:00:34

Health: 0/36       AC:  6    Str: 12    XL:     4   Next: 1%
Magic:  4/4        EV: 11    Int: 10    God:
Gold:   102        SH:  0    Dex: 15    Spells: 4/5 levels left

rFire   . . .        Y - +1 sling (chaos)
rCold   . . .        (no shield)
rNeg    . . .        h - +0 ring mail
rPois   +            (helmet restricted)
rElec   .            b - +0 cloak
rCorr   .            (no gloves)
SInv    .            (no boots)
Will    .....        (no amulet)
Stlth   +            (no ring)
HPRegen 0.26/turn    (no ring)
MPRegen 0.09/turn

%: no passive effects
@: slowed, very slow
A: horns 2, retaliatory headbutt, sense surroundings 1, poison resistance,
screaming 1, MP-powered wands
a: no special abilities


You were on level 3 of the Dungeon.
You visited 1 branch of the dungeon, and saw 3 of its levels.

You collected 102 gold pieces.


Innate Abilities, Weirdness & Mutations

You have a pair of horns on your head.
You reflexively headbutt those who attack you in melee.
You passively map a small area around you.
Your system is resistant to poisons. (rPois)
You occasionally shout uncontrollably at your foes.
You expend magic power (3 MP) to strengthen your wands.


   Skills:
 - Level 2.0 Fighting
 - Level 4.4 Ranged Weapons
 + Level 0.2 Armour
 - Level 2.1 Dodging
 - Level 1.0 Spellcasting
 - Level 2.0 Hexes


You had 4 spell levels left.
You knew the following spells:

 Your Spells              Type           Power      Damage    Failure   Level
a - Slow                  Hex            16%        N/A       34%         1

Your spell library contained the following spells:

 Spells                   Type           Power      Damage    Failure   Level
 Inner Flame              Hex/Fire       2%         N/A       83%         3
 Portal Projectile        Hex/Tloc       4%         N/A       83%         3
 Cause Fear               Hex            2%         N/A       98%         4

Inventory:

Hand Weapons
 Y - a +1 sling of chaos (weapon)
Armour
 b - a +0 cloak (worn)
 h - a +0 ring mail (worn)
Scrolls
 a - a scroll of silence {unknown}
 c - a scroll of identify
Potions
 d - a potion of mutation
 j - a potion of brilliance {unknown}

Dungeon Overview and Level Annotations

Branches:
Dungeon (3/15)

Altars:

Annotations:
D:3 Natasha


Message History

Natasha claws you but does no damage.
You shoot a sling bullet.
The sling bullet hits Natasha but does no damage.
Natasha is moderately wounded.
Natasha is no longer moving slowly.
The cerulean imp closely misses you. The cerulean imp barely misses you.
Natasha closely misses you.
You shoot a sling bullet. The sling bullet barely misses Natasha.
The sling bullet hits the endoplasm.
The endoplasm is almost dead.
The cerulean imp hits you from afar with a +1 spear.
Natasha claws you.
The cerulean imp hits you from afar with a +1 spear.
Natasha barely misses you.
You shoot a sling bullet. The sling bullet barely misses Natasha.
The sling bullet hits the endoplasm.
The sling bullet burns the endoplasm.
You kill the endoplasm!
The cerulean imp hits you but does no damage.
Natasha closely misses you.
The cerulean imp hits you from afar with a +1 spear.
Natasha stares at you and mumbles some strange words.
You feel as though you will be slow longer.
You have reached level 4!
You feel agile.
You shoot a sling bullet.
The sling bullet closely misses Natasha.
The cerulean imp barely misses you.
Natasha casts a spell.
The cerulean imp hits you from afar with a +1 spear.
Natasha barely misses you.
The cerulean imp hits you from afar with a +1 spear.
You shoot a sling bullet. The sling bullet barely misses Natasha.
Natasha stares at you and mumbles some strange words.
The magic dart hits you!
The cerulean imp hits you but does no damage.
The cerulean imp hits you with a +2 spear.
Natasha claws you.
You shoot a sling bullet.
The sling bullet closely misses Natasha.
The cerulean imp hits you but does no damage.
The cerulean imp hits you with a +2 spear.
You die...

* , , , , , ,
.##......... * , ,
..#..........## *
#.#...........# ##
,..............# ..,
#.##..........# *#.
#5##..........#
##.#.##.......%..# ,
* #..h@5..........##
.....###...........<#
* ..#*
#####..####.[#,,, , *
~####~ ##.# ~ ~ ~~
#... * ~ * * ~~*#....
* , ** .#.### ~ . ..
, , *. ...


You could see Natasha and 2 cerulean imps.

Vanquished Creatures
  Natasha (D:3)
  An adder (D:2)
  A worm (D:2)
  3 bats
  5 endoplasms
  3 goblins (D:2)
  A hobgoblin (D:1)
  4 jackals
  2 kobolds
  A quokka (D:1)
  2 ball pythons
  2 frilled lizards (D:1)
  3 rats (D:1)
29 creatures vanquished.

Notes
Turn   | Place    | Note
-------+----------+-------------------------------------------
     0 | D:1      | qw the Minotaur Hexslinger began the quest for the Orb.
     0 | D:1      | Reached XP level 1. HP: 16/16 MP: 1/1
     0 | D:1      | 0 ||| qw: Version: 0.3-a-46-gb1f654a
     0 | D:1      | 0 ||| qw: Game counter: 2841
     0 | D:1      | 0 ||| qw: Melee chars always use a shield: true
     0 | D:1      | 0 ||| qw: God list: Okawaru
     0 | D:1      | 0 ||| qw: Allow faded altars: false
     0 | D:1      | 0 ||| qw: Do Orc after clearing Dungeon:15 true
     0 | D:1      | 0 ||| qw: Do second Lair branch before Depths: true
     0 | D:1      | 0 ||| qw: Lair rune preference: random
     0 | D:1      | 0 ||| qw: Goals: Normal
     0 | D:1      | 0 ||| PLANNING D:1-11
    26 | D:1      | 26 ||| FLEEEEING.
    27 | D:1      | 27 ||| FLEEEEING.
    28 | D:1      | 28 ||| FLEEEEING.
    29 | D:1      | 29 ||| FLEEEEING.
    98 | D:1      | Reached skill level 3 in Ranged Weapons
   117 | D:1      | Reached XP level 2. HP: 23/23 MP: 2/2
   494 | D:1      | 494 ||| UPGRADING to +0 ring mail.
   504 | D:1      | 504 ||| DROPPING +0 robe.
   505 | D:1      | 505 ||| UPGRADING to ring of poison resistance.
   506 | D:1      | 506 ||| READING 2 scrolls labelled QIFECI YGOW.
   507 | D:1      | 507 ||| READING scroll labelled YPEABA CESSIG.
   549 | D:1      | 549 ||| READING 3 scrolls labelled UNIOH ZYOF.
   550 | D:1      | 550 ||| READING scroll labelled XITEL OBBAEC.
   551 | D:1      | 551 ||| DRINKING 2 bubbling blue potions.
   551 | D:1      | Gained mutation: You occasionally shout uncontrollably at
                  | your foes. [potion of mutation]
   551 | D:1      | Gained mutation: You passively map a small area around you.
                  | [potion of mutation]
   551 | D:1      | Gained mutation: You expend magic power (3 MP) to
                  | strengthen your wands. [potion of mutation]
   551 | D:1      | Gained mutation: Your system is resistant to poisons.
                  | (rPois) [potion of mutation]
   552 | D:1      | 552 ||| REMOVING ring of poison resistance.
   553 | D:1      | 553 ||| DROPPING ring of poison resistance.
   554 | D:1      | 554 ||| DROPPING scroll of butterflies.
   555 | D:1      | 555 ||| DROPPING scroll of poison.
   556 | D:1      | 556 ||| DROPPING 2 scrolls of blinking.
  1134 | D:2      | Reached XP level 3. HP: 28/29 MP: 3/3
  1149 | D:2      | 1149 ||| UPGRADING to +0 cloak.
  1154 | D:2      | 1154 ||| READING scroll labelled HIDEUF XUXI.
  1155 | D:2      | 1155 ||| READING scroll labelled ZOCAUFU UJIB.
  1179 | D:3      | 1179 ||| PLANNING SEWER
  1186 | D:3      | 1186 ||| STAIRDANCE
  1197 | D:3      | Noticed Natasha
  1202 | D:3      | 1202 ||| STAIRDANCE
  1231 | D:3      | Killed Natasha
  1232 | D:3      | Reached skill level 4 in Ranged Weapons
  1244 | D:3      | Noticed Natasha
  1255 | D:3      | Reached XP level 4. HP: 17/36 MP: 4/4
  1256 | D:3      | HP: 8/36 [Natasha/magic dart (7)]
  1256 | D:3      | HP: 2/36 [Natasha (4)]
  1257 | D:3      | Slain by a cerulean imp

Levels and vault maps discovered:
D:1:      spicycebolla_arrival_xxxplode, layout_basic
D:2:      layout_loops_ring, serial_glass, glass_columns_b, glass_columns_a,
          minmay_misc_feat_tower
D:3:      layout_rooms, mainiacjoe_overflow_catwalk_spiral,
          nicolae_ecumenical_oubliette, gup_sewer_entry_bubbles, uniq_natasha,
          uniq_jessica, uniq_sigmund, uniq_ijyb, uniq_grinder

Skill      XL: |  1  2  3 |
---------------+----------+-----
Ranged Weapons | 3 4 |  4.4
Fighting       | 2 |  2.0
Armour         | |  0.2
Dodging        | |  2.1
Spellcasting   | |  1.0
Hexes          | |  2.0

Action                     |  1- 3 |  4- 6 || total
---------------------------+-------+-------++-------
   Fire: Sling             |    95 |     3 ||    98
    Use: Scroll            |     6 |       ||     6
         Potion            |     1 |       ||     1
 Armour: Ring mail         |    27 |     2 ||    29
  Dodge: Dodged            |    29 |     2 ||    31

Table legend:
 A = Non-vault XP
 B = Vault XP
 C = Vault XP percentage of total XP
 D = Non-vault monster count
 E = Vault monster count
 F = Vault count percentage of total count
                 A         B        C        D         E       F
            +---------+---------+-------+---------+---------+-------
      Total |      63 |      35 |  35.7 |      28 |       1 |   3.4
            +---------+---------+-------+---------+---------+-------
        D:1 |      18 |       0 |   0.0 |      12 |       0 |   0.0
        D:2 |      37 |       0 |   0.0 |      12 |       0 |   0.0
        D:3 |       8 |      35 |  81.4 |       4 |       1 |  20.0
            +---------+---------+-------+---------+---------+-------
